 Dungeon Crawl Stone Soup version 0.21.1-1-g345015fe64 (webtiles) character file.

1137 Gabide the Slasher (level 8, -2/62 HPs)
             Began as a Formicid Abyssal Knight on Mar 7, 2018.
             Was a Believer of Lugonu.
             Slain by a centaur zombie (6 damage)
             ... on level 5 of the Dungeon on Mar 9, 2018.
             The game lasted 00:16:05 (4217 turns).

Gabide the Slasher (Formicid Abyssal Knight)        Turns: 4217, Time: 00:16:07

Health: -2/62      AC: 10    Str: 19    XL:     8   Next: 63%
Magic:  19/20      EV:  8    Int: 17    God:    Lugonu [**....]
Gold:   423        SH:  0    Dex: 10    Spells: 7/7 levels left

rFire    . . .     SeeInvis +   a - +1 falchion
rCold    . . .     Gourm    .   (no shield)
rNeg     + . .     Faith    .   r - +0 chain mail
rPois    .         Spirit   .   (helmet unavailable)
rElec    .         Reflect  .   (no cloak)
rCorr    .         Harm     .   e - +0 pair of gloves
MR       .....                  (no boots)
Stlth    ..........             k - amulet of regeneration
HPRegen  0.60/turn              i - ring of positive energy
MPRegen  0.17/turn              f - ring of magical power

@: brilliant
A: permanent stasis, dig shafts and tunnels, four strong arms, antennae 3
a: Dig, Shaft Self, Depart the Abyss, Bend Space, Renounce Religion


You were on level 5 of the Dungeon.
You worshipped Lugonu.
Lugonu was pleased with you.
You were not hungry.

You visited 1 branch of the dungeon, and saw 6 of its levels.
You visited the Abyss 1 time.

You collected 423 gold pieces.

Inventory:

Hand Weapons
 a - a +1 falchion (weapon)
 s - a +0 scythe of flaming
Armour
 b - a +2 leather armour
 e - a +0 pair of gloves (worn)
 m - a +2 shield
 n - a +0 ring mail
 r - a +0 chain mail (worn)
Jewellery
 f - a ring of magical power (right hand)
 i - a ring of positive energy (left hand)
 k - an amulet of regeneration (around neck)
 l - an uncursed ring of ice
 t - an uncursed ring of resist corrosion {unknown}
Wands
 p - a wand of scattershot (2)
Scrolls
 g - 4 scrolls of remove curse
 h - a scroll of immolation
Potions
 d - 2 potions of curing
 j - a potion of ambrosia {unknown}
 o - a potion of cancellation {unknown}
 q - a potion of brilliance
 v - a potion of invisibility {unknown}
 w - a potion of flight {unknown}
Comestibles
 c - 8 rations


   Skills:
 + Level 5.3 Fighting
 + Level 6.6 Long Blades
 + Level 4.5 Armour
 + Level 2.7 Dodging
 + Level 0.4 Stealth
 * Level 4.9 Invocations
 + Level 0.2 Evocations


You had 7 spell levels left.
You didn't know any spells.

Dungeon Overview and Level Annotations

Branches:
Dungeon (6/15)             Temple (0/1) D:4

Altars:
Cheibriados
Elyvilon
Makhleb


Innate Abilities, Weirdness & Mutations

You cannot be hasted, slowed, berserked, paralysed or teleported.
You can dig through walls and to a lower floor.
Your four strong arms can wield two-handed weapons with a shield.
You have a pair of large antennae on your head. (SInv)


Message History

The two-headed ogre shouts in stereo!
Space bends around you!
You blink.
The ogre hits you with a giant club!
* * * LOW HITPOINT WARNING * * *
Space bends around you!
You blink.
A centaur zombie comes into view.
The centaur zombie hits you.
* * * LOW HITPOINT WARNING * * *
The centaur zombie hits you.
* * * LOW HITPOINT WARNING * * *
The centaur zombie closely misses you.
You riposte.
You hit the centaur zombie.
The centaur zombie is lightly damaged.
Space bends sharply around you!
You blink.
There is a stone staircase leading up here.
The centaur zombie hits you but does no damage.
The two-headed ogre hits you with a giant club.
* * * LOW HITPOINT WARNING * * *
The two-headed ogre hits you with a giant spiked club!
* * * LOW HITPOINT WARNING * * *
The centaur zombie hits you.
You die...

#..## ..... #...#
... #. #...# #... #.
# ...# #...# ##. #.
#..## #...# #.. #.#
###...##...# #..
...## ##.....#....#
#..
#...#####.....O....#
#..
#...#.......OZ@..##
##..
#..............#
#..#
#.............##
#..#
#........###...##
##..# ##....####
##...# #...# #....#
##..#### #..##
#....##
##....######....
#.....#
#..............
......#
#..#(........##


You could see a two-headed ogre, an ogre and a centaur zombie.

Vanquished Creatures
  The ghost of BrokenGlass the Digger, a novice OpEE (D:5)
  Sigmund (D:4)
  The ghost of coier the Covered, an amateur GnWn (D:4)
  2 centaurs
  A howler monkey (D:4)
  2 crimson imps
  A hound (D:4)
  An orc priest (D:5)
  2 orc wizards
  Ijyb (D:4)
  A worker ant (D:4)
  4 gnolls (D:3)
  4 adders
  A worm (D:4)
  A dart slug (D:1)
  3 leopard geckos
  5 orcs
  6 giant cockroaches
  9 goblins
  6 hobgoblins
  3 jackals (D:1)
  7 kobolds
  A quokka (D:4)
  A ball python (D:2)
  5 bats
  4 frilled lizards
  7 rats
81 creatures vanquished.

Notes
Turn   | Place    | Note
-------+----------+-------------------------------------------
     0 | Abyss:1  | Gabide the Formicid Abyssal Knight began the quest for the Orb.
     0 | Abyss:1  | Reached XP level 1. HP: 18/18 MP: 2/2
   175 | Abyss:1  | Noticed a large abomination
   175 | D:1      | Escaped the Abyss
   319 | D:1      | Reached * piety under Lugonu
   374 | D:1      | Reached XP level 2. HP: 21/25 MP: 3/3
   460 | D:1      | Reached skill level 1 in Dodging
   540 | D:1      | Reached XP level 3. HP: 30/30 MP: 4/4
  1517 | D:2      | Found a burning altar of Makhleb.
  1553 | D:2      | Reached XP level 4. HP: 37/37 MP: 5/5
  1590 | D:2      | Reached ** piety under Lugonu
  1802 | D:2      | Reached skill level 3 in Long Blades
  2232 | D:3      | Reached XP level 5. HP: 26/42 MP: 6/6
  3028 | D:4      | Noticed coier's ghost (amateur GnWn)
  3078 | D:4      | Killed coier's ghost
  3078 | D:4      | Reached skill level 4 in Long Blades
  3078 | D:4      | Reached XP level 6. HP: 33/49 MP: 8/8
  3105 | D:4      | Found a snail-covered altar of Cheibriados.
  3228 | D:4      | Noticed Ijyb
  3245 | D:4      | Killed Ijyb
  3396 | D:4      | Noticed Sigmund
  3413 | D:4      | Reached XP level 7. HP: 51/55 MP: 9/9
  3439 | D:4      | Killed Sigmund
  3439 | D:4      | Reached skill level 5 in Long Blades
  3564 | D:4      | Found a staircase to the Ecumenical Temple.
  3689 | D:4      | Found a white marble altar of Elyvilon.
  3838 | D:5      | Entered Level 5 of the Dungeon
  3853 | D:5      | Reached skill level 5 in Fighting
  3856 | D:5      | Reached XP level 8. HP: 44/62 MP: 11/11
  3920 | D:5      | Noticed BrokenGlass's ghost (novice OpEE)
  3943 | D:6      | Reached skill level 6 in Long Blades
  4069 | D:5      | Killed BrokenGlass's ghost
  4198 | D:5      | Noticed a two-headed ogre
  4217 | D:5      | Slain by a centaur zombie

Skill      XL: |  1  2  3  4  5  6  7  8 |
---------------+-------------------------+-----
Dodging        | 1 2 |  2.7
Fighting       | 4 5 |  5.3
Long Blades    | 3 4 5 6 |  6.6
Armour         | 3 4 |  4.5
Invocations    | 3 4 |  4.9
Stealth        | |  0.4
Evocations     | |  0.2

Action                   |  1- 3 |  4- 6 |  7- 9 || total
-------------------------+-------+-------+-------++-------
Melee: Falchion          |   101 |   201 |   130 ||   432
Invok: Depart the Abyss  |     1 |       |       ||     1
       Bend Space        |       |     1 |     7 ||     8
 Abil: Dig               |     1 |       |       ||     1
Evoke: Wand              |       |       |     5 ||     5
  Use: Scroll            |     5 |     3 |     2 ||    10
       Potion            |       |       |     2 ||     2
  Eat: Chunk             |     2 |     1 |       ||     3
       Ration            |       |     2 |     1 ||     3
Armor: Leather armour    |    30 |    41 |       ||    71
       Ring mail         |       |    22 |       ||    22
       Chain mail        |       |     5 |    71 ||    76
Dodge: Dodged            |    86 |   106 |    52 ||   244
       Rpst.: Falchion   |    21 |    34 |    21 ||    76
